Map: Гордость Алтариса РВ

Players

ИИ 1 (новичок)

  • Race: Zerg Zerg
  • Spawn Location: 11:00

Dobro - Winner!

  • Race: Zerg Zerg
  • League: Grandmaster
  • Spawn Location: 5:00

VOD

Have the link to the VOD?

Description

Time

  • Played on: Dec. 23, 2021, 12:55 p.m.
  • Length: 16:44
Show
View Real Time Build Order
Export as new Build Order

ИИ 1 (новичок) Zerg 

Build Orders: Hatch First 

Get SALT Encoding   

  12  0:01  Drone  
  13  0:12  Overlord  
  13  0:16  Drone  
  14  0:40  Hatchery  
  13  0:45  Drone  
  14  1:03  Spawning Pool  
  13  1:05  Extractor  
  13  1:07  Drone  
  13  1:15  Drone  
  14  1:20  Overlord  
  14  1:51  Zergling x2, Queen  
  14  1:53  Zergling x2  
  18  2:00  Roach Warren  
  17  2:04  Drone  
  17  2:07  Extractor  
  17  2:11  Drone  
  18  2:16  Zergling x2  
  18  2:20  Drone  
  20  2:27  Drone  
  21  2:35  Drone  
  22  2:42  Drone  
  23  2:49  Drone  
  24  2:56  Drone  
  25  3:03  Drone  
  26  3:06  Roach  
  26  3:09  Overlord  
  28  3:14  Drone  
  29  3:21  Drone  
  30  3:28  Drone  
  31  3:35  Drone  
  32  3:42  Drone  
  32  3:46  Overlord  
  31  3:50  Drone  
  31  3:55  Lair  
  32  3:56  Roach  
  32  3:57  Drone  
  35  4:06  Drone  
  36  4:13  Drone  
  37  4:20  Drone  
  38  4:27  Drone  
  39  4:35  Drone  
  40  4:42  Drone  
  40  4:43  Overlord  
  41  4:46  Roach  
  41  4:49  Drone  
  44  4:53  Overseer  
  44  4:55  Overseer  
  44  4:56  Drone  
  44  4:58  Extractor  
  44  5:03  Drone  
  44  5:05  Extractor  
  44  5:11  Drone  
  45  5:18  Drone  
  46  5:25  Drone  
  47  5:32  Drone  
  48  5:36  Roach  
  48  5:40  Drone  
  51  6:11  Overlord, Zergling x2  
  51  6:14  Queen  
  51  6:16  Drone  
  49  6:23  Drone  
  43  6:31  Drone  
  43  6:37  Hatchery  
  43  6:38  Drone  
  43  6:40  Roach  
  43  6:45  Drone  
  43  6:46  Extractor  
  45  6:52  Drone  
  46  6:59  Drone  
  47  7:07  Drone  
  48  7:11  Overseer  
  48  7:16  Zergling x2  
  49  7:26  Overlord  
  49  7:30  Drone  
  50  7:37  Drone  
  51  7:44  Drone  
  52  7:52  Drone  
  53  7:59  Drone  
  54  8:06  Drone  
  55  8:47  Overlord, Overseer  
  55  10:33  Pneumatized Carapace  
  55  10:34  Overlord, Overseer  
  55  10:35  Spire  
  55  10:37  Drone  
  55  10:49  Zergling x2  
  51  10:55  Overseer  
  43  11:48  Mutalisk  
  45  12:11  Mutalisk  
  47  12:35  Mutalisk  
  49  12:57  Drone  
  49  12:59  Mutalisk  
  51  13:11  Drone  
  50  13:23  Zergling x2  
  50  13:39  Hatchery  
  49  14:44  Zergling x2  
  38  15:08  Overseer  
  38  15:09  Overlord, Mutalisk  
  38  15:10  Overlord  
  36  15:34  Mutalisk  
  33  15:36  Drone  
  33  15:40  Overlord, Overseer  
  33  15:43  Drone  
  33  15:44  Overseer  
  30  15:51  Drone  
  30  15:53  Extractor  
  25  15:59  Drone  
  25  16:00  Mutalisk  
  25  16:01  Overlord  
  25  16:03  Overseer  
  20  16:06  Drone  
  20  16:11  Overseer  
  19  16:13  Drone  
  19  16:20  Overlord  
  16  16:34  Hatchery  
  16  16:36  Infestation Pit  
  13  16:40  Hydralisk Den  
Show
View Real Time Build Order
Export as new Build Order

Dobro Zerg - Winner!

Build Orders: Hatch First, Lurkers 

Get SALT Encoding   

  12  0:00  Drone  
  13  0:12  Overlord  
  13  0:17  Drone  
  14  0:30  Drone x2  
  14  0:34  Drone  
  17  0:51  Hatchery  
  17  0:54  Drone  
  17  0:57  Drone  
  18  1:08  Extractor  
  17  1:12  Spawning Pool  
  17  1:14  Drone  
  17  1:18  Drone  
  18  1:28  Drone  
  19  1:43  Drone  
  20  1:50  Overlord  
  20  1:59  Queen  
  22  2:03  Queen  
  22  2:04  Zergling x4  
  26  2:14  Drone x2  
  28  2:22  Drone  
  29  2:29  Drone  
  30  2:34  Drone  
  31  2:40  Queen  
  31  2:42  Overlord  
  33  2:45  Drone  
  33  2:47  Drone  
  35  2:56  Drone  
  36  3:02  Evolution Chamber  
  36  3:05  Roach Warren  
  34  3:07  Evolution Chamber  
  34  3:09  Drone x2  
  34  3:10  Drone x4  
  34  3:11  Spine Crawler  
  38  3:17  Lair  
  38  3:20  Drone  
  39  3:29  Drone x3  
  39  3:32  Zerg Missile Weapons Level 1  
  42  3:43  Drone x2  
  42  3:46  Extractor  
  42  3:47  Extractor  
  41  3:49  Overlord  
  41  3:55  Drone x3  
  43  4:00  Overlord  
  43  4:04  Overlord  
  43  4:10  Drone x3  
  43  4:13  Drone x2  
  43  4:14  Drone  
  49  4:18  Glial Reconstitution  
  49  4:21  Drone  
  50  4:28  Roach x2  
  50  4:29  Roach x2  
  58  4:36  Extractor  
  58  4:38  Drone  
  58  4:44  Overlord x2  
  58  4:45  Roach x2  
  62  4:51  Overlord  
  62  4:57  Roach  
  62  4:58  Roach x2  
  62  4:59  Overlord  
  68  5:03  Roach x3  
  68  5:04  Roach  
  76  5:10  Roach  
  78  5:16  Roach  
  80  5:22  Roach x2  
  80  5:26  Roach x2  
  80  5:27  Roach  
  90  5:31  Overlord  
  90  5:33  Roach  
  90  5:34  Roach x2  
  96  5:40  Hatchery  
  96  5:42  Ravager x2  
  97  5:43  Ravager x2  
  97  5:46  Overlord  
  99  5:54  Overlord  
  99  5:55  Roach x2  
  103  5:59  Roach  
  103  6:00  Roach  
  103  6:03  Overlord  
  107  6:07  Roach  
  107  6:09  Roach  
  111  6:12  Roach  
  111  6:16  Overlord  
  113  6:22  Overseer  
  113  6:26  Drone  
  113  6:27  Overlord, Drone x3  
  99  6:41  Drone x3, Roach x3  
  91  7:03  Drone x2, Roach  
  91  7:04  Roach  
  91  7:08  Roach x5  
  107  7:16  Drone x2, Roach x2  
  113  7:24  Drone x2  
  113  7:25  Zerg Missile Weapons Level 2, Drone x2  
  113  7:27  Roach  
  119  7:38  Roach x2  
  119  7:39  Roach  
  119  7:44  Drone x3, Extractor  
  125  7:46  Extractor, Roach  
  128  7:53  Roach x2  
  128  7:54  Drone, Roach x2  
  137  8:06  Roach x5  
  147  8:17  Overlord, Roach  
  147  8:18  Overlord x2, Roach  
  151  8:20  Hydralisk Den  
  151  8:25  Overlord  
  150  8:30  Spine Crawler  
  149  8:37  Overlord x2  
  149  8:38  Roach x3  
  149  8:41  Hatchery  
  154  8:43  Roach  
  154  8:44  Roach  
  158  8:55  Roach x2  
  162  8:56  Zerg Ground Armor Level 1, Roach x4  
  170  9:02  Lurker Den  
  170  9:08  Drone x6  
  170  9:09  Drone  
  176  9:12  Muscular Augments  
  176  9:17  Drone x4  
  176  9:18  Drone  
  176  9:22  Extractor  
  176  9:23  Drone x3  
  183  9:24  Extractor  
  183  9:26  Drone x2  
  183  9:31  Hydralisk x2  
  188  9:41  Hydralisk  
  188  9:42  Hydralisk x2  
  188  9:43  Hydralisk  
  188  9:45  Hydralisk  
  172  10:07  Hydralisk  
  172  10:08  Hydralisk x5  
  168  10:15  Queen  
  168  10:16  Lurker x3  
  168  10:18  Lurker  
  168  10:19  Lurker  
  169  10:23  Roach x5  
  179  10:32  Overseer  
  152  10:49  Pneumatized Carapace  
  152  10:50  Overlord x2  
  152  10:51  Hydralisk x5  
  162  11:03  Grooved Spines, Hydralisk x4  
  170  11:08  Lurker  
  170  11:09  Lurker  
  170  11:10  Lurker  
  170  11:11  Lurker x5  
  176  11:16  Infestation Pit  
  175  11:22  Lurker x4  
  175  11:25  Drone x3  
  182  11:35  Hatchery  
  182  11:37  Hydralisk x2  
  185  11:53  Hive  
  175  11:54  Hydralisk x5  
  175  11:56  Lurker x2  
  175  11:58  Lurker  
  182  12:15  Hydralisk  
  182  12:16  Hydralisk x2  
  182  12:19  Zerg Ground Armor Level 2  
  172  13:02  Overseer x3  
  172  13:09  Viper x4  
  172  13:10  Viper  
  187  13:14  Hydralisk x3  
  187  13:19  Spore Crawler, Spine Crawler x2  
  188  13:20  Spine Crawler  
  188  13:22  Spine Crawler x2  
  188  13:25  Spine Crawler x2  
  188  13:26  Spine Crawler  
  182  13:33  Drone x7  
  189  13:35  Hatchery  
  189  13:38  Drone x3  
  191  13:42  Hatchery, Queen  
  191  13:43  Extractor  
  191  13:45  Hydralisk  
  191  13:46  Hydralisk x3  
  191  13:47  Extractor  
  198  13:48  Spine Crawler  
  198  13:49  Spine Crawler  
  196  14:01  Spore Crawler  
  193  14:03  Drone x3, Spine Crawler  
  193  14:05  Spine Crawler  
  193  14:07  Spine Crawler, Hydralisk x3  
  193  14:08  Spine Crawler x3, Hydralisk  
  198  14:14  Seismic Spines  
  198  14:23  Hydralisk x2  
  200  15:11  Adaptive Talons  
  200  15:12  Overseer x4  
  198  15:53  Hydralisk x8  
Tags
 
Add a new tag
Caveats
  • Supply blocks, unpowered buildings, or Contaminate may cause inaccurate times.
  • Supply counts are checked every 10 seconds.